 Dungeon Crawl Stone Soup version 0.22.1-1-ga44c0e56f4 (webtiles) character file.

1880 Mjsee792 the Fighter (level 8, 0/88 HPs)
             Began as a Minotaur Berserker on Oct 14, 2018.
             Was an Elder of Trog.
             Slain by a two-headed ogre
             ... wielding a +0 giant club
              (20 damage)
             ... on level 8 of the Dungeon.
             The game lasted 00:09:48 (5485 turns).

Mjsee792 the Fighter (Minotaur Berserker)           Turns: 5485, Time: 00:09:48

Health: 0/88       AC: 10    Str: 23    XL:     8   Next: 91%
Magic:  16/16      EV:  8    Int:  4    God:    Trog [****..]
Gold:   376        SH:  0    Dex: 11    Spells: 7/7 levels left

rFire    + . .     SeeInvis .   a - +0 spear
rCold    + . .     Gourm    .   (no shield)
rNeg     . . .     Faith    .   j - +0 chain mail (curse)
rPois    .         Spirit   .   (helmet restricted)
rElec    .         Reflect  .   x - scarf {rC+ rF+}
rCorr    .         Harm     .   (no gloves)
MR       .....                  (no boots)
Stlth    ..........             (no amulet)
HPRegen  0.24/turn              D - ring of magical power
MPRegen  0.15/turn              l - +2 ring of protection

@: no status effects
A: retaliatory headbutt, horns 2
a: Berserk, Trog's Hand, Brothers in Arms, Renounce Religion


You were on level 8 of the Dungeon.
You worshipped Trog.
Trog was greatly pleased with you.
You were not hungry.

You visited 1 branch of the dungeon, and saw 8 of its levels.

You collected 376 gold pieces.

Inventory:

Hand Weapons
 a - a +0 spear (weapon)
Armour
 j - a cursed +0 chain mail (worn)
 v - a +3 scale mail
 x - a scarf of resistance (worn)
Jewellery
 h - an uncursed ring of fire
 l - a +2 ring of protection (right hand)
 z - an uncursed ring of flight
 A - an uncursed ring of resist corrosion
 B - a +3 ring of protection
 D - a ring of magical power (left hand)
Wands
 u - a wand of polymorph (3)
 y - a wand of digging (13)
 E - a wand of flame (24)
Scrolls
 b - 4 scrolls of remove curse {unknown}
 f - 6 scrolls of identify
 n - a scroll of magic mapping
 o - a scroll of teleportation
 p - 6 scrolls of blinking {unknown}
 q - 2 scrolls of random uselessness {unknown}
 r - 2 scrolls of amnesia {unknown}
 s - a scroll of fear {unknown}
 t - a scroll of enchant weapon {unknown}
Potions
 d - a potion of cancellation
 e - a potion of curing {unknown}
 g - a potion of magic {unknown}
 i - 3 potions of lignification {unknown}
 k - 3 potions of brilliance {unknown}
 m - a potion of degeneration {unknown}
 w - a potion of might {unknown}
 C - a potion of ambrosia {unknown}
Comestibles
 c - 13 rations


   Skills:
 + Level 13.6 Fighting
 - Level 3.6 Polearms
 - Level 2.4 Armour
 - Level 2.1 Dodging


You had 7 spell levels left.
You didn't know any spells.
Your spell library was empty.

Dungeon Overview and Level Annotations

Branches:
Dungeon (8/15)             Temple (0/1) D:7
   Lair: D:8-11

Altars:
Ashenzari
Elyvilon
Hepliaklqana
Nemelex Xobeh
Okawaru
Ru
Xom
The Shining One

Shops:
D:6 *


Innate Abilities, Weirdness & Mutations

You reflexively headbutt those who attack you in melee.
You have a pair of horns on your head.


Message History

You hit the two-headed ogre.
Your headbutt misses the two-headed ogre.
The two-headed ogre is severely wounded.
The two-headed ogre hits you with a giant club.
The two-headed ogre closely misses you.
You hit the two-headed ogre. You headbutt the two-headed ogre.
The two-headed ogre is severely wounded.
You hit the two-headed ogre.
Your headbutt misses the two-headed ogre.
The two-headed ogre is severely wounded.
The two-headed ogre hits you with a giant club!
The two-headed ogre hits you with a giant spiked club!
* * * LOW HITPOINT WARNING * * *
You are too injured to fight recklessly!
You are too injured to fight recklessly!
You are too injured to fight recklessly!
Your chain mail prevents you from hitting the two-headed ogre.
The two-headed ogre is severely wounded.
The two-headed ogre hits you with a giant club!!
You die...

.# #.......##
#.........##
............##
..............#
..............#
..............#
.............#
............#
........@..#
.......O..#
.........##
..........
..........#
........###
.>......#
.......##


You could see a two-headed ogre.

Vanquished Creatures
  Grinder (D:5)
  An orc warrior (D:7)
  2 ogres (D:4)
  2 centaurs (D:5)
  4 bullfrogs
  2 crimson imps
  2 hounds
  An orc priest (D:7)
  5 orc wizards
  Jessica (D:2)
  Natasha (thrice) (D:3)
  4 iguanas
  Ijyb (D:4)
  5 worker ants
  A hound skeleton (D:7)
  A worker ant zombie (D:6)
  9 adders
  8 gnolls
  A howler monkey zombie (D:7)
  A shadow imp (D:7)
  3 oozes
  6 worms
  3 dart slugs (D:4)
  5 leopard geckos (D:5)
  21 orcs
  6 giant cockroaches
  11 goblins
  9 hobgoblins
  9 jackals
  8 kobolds
  A quokka (D:7)
  A ball python (D:4)
  9 bats
  9 frilled lizards
  A leopard gecko skeleton (D:5)
  A quokka skeleton (D:5)
  4 rats
162 creatures vanquished.

Vanquished Creatures (others)
  3 plants (D:5)
3 creatures vanquished.

Grand Total: 165 creatures vanquished

Notes
Turn   | Place    | Note
-------+----------+-------------------------------------------
     0 | D:1      | Mjsee792 the Minotaur Berserker began the quest for the
                  | Orb.
     0 | D:1      | Reached XP level 1. HP: 19/19 MP: 0/0
    99 | D:1      | Reached skill level 4 in Fighting
   198 | D:1      | Reached XP level 2. HP: 28/28 MP: 1/1
   448 | D:2      | Noticed Jessica
   456 | D:2      | Killed Jessica
   456 | D:2      | Reached skill level 5 in Fighting
   456 | D:2      | Reached XP level 3. HP: 9/36 MP: 2/2
   514 | D:2      | Found a shimmering altar of Xom.
   744 | D:2      | Reached XP level 4. HP: 41/44 MP: 3/3
   751 | D:2      | Reached skill level 6 in Fighting
   825 | D:2      | Reached ** piety under Trog
  1166 | D:3      | Noticed Natasha
  1175 | D:3      | Killed Natasha
  1182 | D:3      | Reached skill level 7 in Fighting
  1182 | D:3      | Reached XP level 5. HP: 51/52 MP: 4/4
  1248 | D:3      | Noticed Natasha
  1257 | D:3      | Killed Natasha
  1515 | D:3      | Noticed Natasha
  1535 | D:3      | Killed Natasha
  1535 | D:3      | Reached skill level 8 in Fighting
  1571 | D:3      | Reached XP level 6. HP: 57/61 MP: 5/5
  1583 | D:3      | Reached *** piety under Trog
  1608 | D:3      | Found a white marble altar of Elyvilon.
  2212 | D:4      | Reached skill level 9 in Fighting
  2309 | D:4      | Reached XP level 7. HP: 46/71 MP: 6/6
  2528 | D:4      | Noticed Ijyb
  2558 | D:4      | Killed Ijyb
  2558 | D:4      | Reached skill level 10 in Fighting
  2980 | D:5      | Entered Level 5 of the Dungeon
  3123 | D:5      | Reached skill level 11 in Fighting
  3296 | D:5      | Reached **** piety under Trog
  3537 | D:5      | Reached XP level 8. HP: 82/82 MP: 7/7
  3587 | D:5      | Noticed Grinder
  3621 | D:5      | Killed Grinder
  3621 | D:5      | Reached skill level 12 in Fighting
  3730 | D:5      | Found a glowing golden altar of the Shining One.
  3730 | D:5      | Found a sacrificial altar of Ru.
  3737 | D:5      | Found a faded altar of an unknown god.
  3739 | D:5      | Found a faded altar of an unknown god.
  3741 | D:5      | Found a sparkling altar of Nemelex Xobeh.
  4021 | D:6      | Found an iron altar of Okawaru.
  4078 | D:6      | Found a shattered altar of Ashenzari.
  4162 | D:6      | Found Vennos's Elemental Accessories.
  4551 | D:7      | Found a staircase to the Ecumenical Temple.
  4554 | D:7      | Reached skill level 13 in Fighting
  5393 | D:8      | Found a hazy altar of Hepliaklqana.
  5474 | D:8      | Noticed a two-headed ogre
  5485 | D:8      | Slain by a two-headed ogre

Skill      XL: |  1  2  3  4  5  6  7  8 |
---------------+-------------------------+-----
Fighting       | 4 5 7 8 9 11 13 | 13.6
Polearms       | |  3.6
Armour         | |  2.4
Dodging        | |  2.1

Action                   |  1- 3 |  4- 6 |  7- 9 || total
-------------------------+-------+-------+-------++-------
Melee: Spear             |    57 |   208 |   306 ||   571
       Headbutt          |     3 |    42 |    51 ||    96
Invok: Berserk           |     1 |     1 |     2 ||     4
  Use: Scroll            |       |       |     4 ||     4
  Eat: Chunk             |       |     6 |    13 ||    19
Armor: Chain mail        |    16 |    65 |   112 ||   193
       Skin              |       |       |     6 ||     6
Dodge: Dodged            |    15 |    84 |    74 ||   173
